 Dungeon Crawl Stone Soup version 0.31.0-1-g2c135a008e (webtiles) character file.

Game seed: 5119846576033335155

95 qw the Shooter (level 4, -2/35 HPs)
             Began as a Djinni Hunter on Jan 24, 2024.
             Slain by an orc
             ... wielding a +0 whip
              (5 damage)
             ... on level 3 of the Dungeon.
             The game lasted 00:00:08 (2163 turns).

qw the Shooter (Djinni Hunter)                      Turns: 2163, Time: 00:00:08

Health: -2/35      AC:  4    Str: 10    XL:     4   Next: 97%
Gold:   110        EV: 18    Int: 11    God:
                   SH:  0    Dex: 18

rFire   + + .        a - +1 shortbow
rCold   x . .        (shield currently unavailable)
rNeg    . . .        i - +0 leather armour {rPois}
rPois   inf          (no helmet)
rElec   .            h - +0 cloak
rCorr   .            (no gloves)
SInv    .            (boots unavailable)
Will    +....        (no amulet)
Stlth   ++           d - ring of willpower
HPRegen 0.25/turn    l - +5 ring of evasion
MPRegen 0.00/turn

%: infuse magic (-3 HP)
@: flying
A: sickness immunity, fire resistance 2, cold vulnerability 1, float, innate
caster, HP casting, extra vitality 1
a: no special abilities


You were on level 3 of the Dungeon.
You visited 1 branch of the dungeon, and saw 4 of its levels.

You collected 110 gold pieces.


Innate Abilities, Weirdness & Mutations

You are immune to sickness and miasma.
You are immune to poison.
Your flesh is very heat resistant. (rF++)
You are vulnerable to cold. (rC-)
You float through the air rather than walking.
You learn spells naturally, not from books.
Your magical power is your life essence.
You have superior vitality. (+4 MHP)


   Skills:
 - Level 3.0 Fighting
 + Level 4.0 Ranged Weapons
 - Level 3.2 Dodging
 - Level 0.7 Stealth


You knew the following spells:

 Your Spells              Type           Power      Damage    Failure   Level
a - Necrotise             Necr           0%         1d4       43%         1
Your spell library was empty.

Inventory:

Hand Weapons
 a - a +1 shortbow (weapon)
Armour
 f - a +0 ring mail
 h - a +0 cloak (worn)
 i - a +0 leather armour of poison resistance (worn)
Jewellery
 d - a ring of willpower (left hand)
 l - a +5 ring of evasion (right hand)
Wands
 e - a wand of roots (2)
Potions
 j - a potion of attraction {unknown}

Dungeon Overview and Level Annotations

Branches:
Dungeon (4/15)
 Temple: D:4-7

Altars:
Elyvilon
Wu Jian


Message History

You kill the orc!
The orc misses you.
The endoplasm hits you but does no damage.
You shoot an arrow. The arrow barely misses the orc.
The orc closely misses you. The endoplasm misses you. The orc misses you.
The endoplasm freezes you.
You are frozen.
You feel a terrible chill!
You shoot an arrow. The arrow closely misses the orc.
The orc barely misses you. The endoplasm completely misses you.
You shoot an arrow.
The arrow hits the orc but does no damage.
The orc closely misses you. The endoplasm freezes you.
You are frozen.
You shoot an arrow. The arrow hits the orc.
The orc is moderately wounded.
The orc barely misses you. The endoplasm barely misses you.
You shoot an arrow. The arrow hits the orc.
The orc is severely wounded.
The orc barely misses you. The endoplasm freezes you.
You are frozen.
You feel a terrible chill! The orc closely misses you.
The endoplasm barely misses you.
You shoot an arrow.
The arrow hits the orc but does no damage.
The orc is severely wounded.
The orc misses you. The endoplasm closely misses you.
You shoot an arrow. The arrow completely misses the orc.
The orc barely misses you. The endoplasm completely misses you.
You shoot an arrow.
The arrow hits the orc but does no damage.
The orc is severely wounded.
The orc barely misses you. The endoplasm freezes you.
You are frozen.
You feel a terrible chill!
You shoot an arrow. The arrow barely misses the orc.
The orc hits you with a +0 whip.
The endoplasm hits you but does no damage.
The orc hits you with a +0 whip.
You die...

................#.##...#.####.#
...(............#..#...#.####.#
.........................%.##.###
.................................
..............................%..
..%........#.....##...##........#
............<.....#..###.........
..........##...o.................
#.......#.###.#.@................
...##.#...###.#.)J#..............
.####.###..##...#..#...#.........
.......##...###......#.#........#
.####..##.#..##.####.#..........#
.# ##....##....####.............
.# ####...##.<#.#........####.###
.###...............###...####.###
.....##.........#.## ###.........


You could see an orc and an endoplasm.

Vanquished Creatures
  An iguana (D:3)
  4 dart slugs
  An orc (D:3)
  9 endoplasms
  2 giant cockroaches
  5 goblins
  5 hobgoblins
  4 jackals
  A quokka (D:3)
  9 ball pythons
  4 bats
  2 frilled lizards
  4 kobolds
  7 rats
58 creatures vanquished.

Notes
Turn   | Place    | Note
-------+----------+-------------------------------------------
     0 | D:1      | qw the Djinni Hunter began the quest for the Orb.
     0 | D:1      | Reached XP level 1. HP: 18/18 MP: 0/0
     0 | D:1      | 0 ||| qw: Version: 0.3-a-136-gdd3b4e8
     0 | D:1      | 0 ||| qw: Game counter: 1352
     0 | D:1      | 0 ||| qw: Melee chars always use a shield: true
     0 | D:1      | 0 ||| qw: God list: Okawaru
     0 | D:1      | 0 ||| qw: Allow faded altars: false
     0 | D:1      | 0 ||| qw: Do Orc after clearing Dungeon:15 true
     0 | D:1      | 0 ||| qw: Do second Lair branch before Depths: true
     0 | D:1      | 0 ||| qw: Lair rune preference: random
     0 | D:1      | 0 ||| qw: Goals: Normal
     0 | D:1      | 0 ||| PLANNING D:1-11
    29 | D:1      | Reached XP level 2. HP: 23/23 MP: 0/0
   265 | D:1      | Reached skill level 4 in Ranged Weapons
   265 | D:1      | Reached XP level 3. HP: 22/28 MP: 0/0
   265 | D:1      | Learned a level 1 spell: Necrotise
   493 | D:1      | Found a faded altar of an unknown god.
   532 | D:1      | 532 ||| UPGRADING to +0 ring mail.
   542 | D:1      | 542 ||| DROPPING +0 leather armour.
   543 | D:1      | 543 ||| UPGRADING to +0 leather armour of poison
                  | resistance.
   553 | D:1      | 553 ||| UPGRADING to ring of willpower.
   554 | D:1      | 554 ||| UPGRADING to +5 ring of evasion.
   555 | D:1      | 555 ||| READING scroll labelled ROSUQ KEARA.
   556 | D:1      | 556 ||| READING scroll labelled KUANAT AV XORISH.
   557 | D:1      | 557 ||| READING scroll labelled KIDES EPLYIN HIPS.
   557 | D:1      | 557 ||| IDENTIFYING lumpy coppery potion
   558 | D:1      | 558 ||| READING scroll labelled SOUTROMUFACW.
   558 | D:1      | 558 ||| ENCHANTING +0 shortbow.
   559 | D:1      | 559 ||| DROPPING scroll of butterflies.
   560 | D:1      | 560 ||| DROPPING potion of brilliance.
   932 | D:2      | Reached XP level 4. HP: 34/34 MP: 0/0
   961 | D:2      | Reached skill level 3 in Fighting
  1354 | D:2      | Found a white marble altar of Elyvilon.
  1448 | D:2      | 1448 ||| READING scroll labelled WAZOLO NIOSAEX.
  1449 | D:2      | 1449 ||| READING scroll labelled BEJAIG SOEMM.
  1635 | D:3      | Reached skill level 3 in Dodging
  1797 | D:3      | Found an ornate altar of the Wu Jian Council.
  1904 | D:3      | 1904 ||| UPGRADING to +0 cloak.
  1909 | D:3      | 1909 ||| READING 3 scrolls labelled ICAHUSYALUR.
  2010 | D:3      | 2010 ||| READING scroll labelled USSAUD EBLIEM.
  2015 | D:3      | 2015 ||| READING scroll labelled UDIUJY FILL.
  2015 | D:3      | 2015 ||| ENCHANTING +0 shortbow.
  2016 | D:3      | 2016 ||| DRINKING 2 smoky dark potions.
  2120 | D:3      | 2120 ||| DROPPING 2 scrolls of vulnerability.
  2121 | D:3      | 2121 ||| DROPPING potion of berserk rage.
  2140 | D:4      | 2140 ||| STAIRDANCE
  2145 | D:4      | 2145 ||| STAIRDANCE
  2159 | D:3      | HP: 7/35 [frozen (4)]
  2163 | D:3      | HP: 3/35 [orc/+0 whip (2)]
  2163 | D:3      | Slain by an orc

Levels and vault maps discovered:
D:1:      matt_arrival_grand_opening, layout_rooms,
          hellmonk_ecumenical_altar_dog_temple, minivault_23, nrook_uturn,
          corexii_hall_statues_s
D:2:      layout_basic, basic_altar
D:3:      layout_rooms, mainiacjoe_overflow_24_doors
D:4:      layout_rooms, grunt_ministairs_2, hangedman_decor_growths,
          uniq_menkaure

Skill      XL: |  1  2  3  4 |
---------------+-------------+-----
Ranged Weapons | 4 |  4.0
Fighting       | 3 |  3.0
Dodging        | 3 |  3.2
Stealth        | |  0.7

Action                     |  1- 3 |  4- 6 || total
---------------------------+-------+-------++-------
   Fire: Shortbow          |    89 |    72 ||   161
    Use: Scroll            |     4 |     5 ||     9
         Potion            |       |     1 ||     1
 Armour: Leather armour    |    20 |    20 ||    40
  Dodge: Dodged            |    21 |    60 ||    81

Table legend:
 A = Non-vault XP
 B = Vault XP
 C = Vault XP percentage of total XP
 D = Non-vault monster count
 E = Vault monster count
 F = Vault count percentage of total count
                 A         B        C        D         E       F
            +---------+---------+-------+---------+---------+-------
      Total |     130 |       7 |   5.1 |      54 |       4 |   6.9
            +---------+---------+-------+---------+---------+-------
        D:1 |      46 |       4 |   8.0 |      24 |       2 |   7.7
        D:2 |      30 |       0 |   0.0 |      18 |       0 |   0.0
        D:3 |      54 |       3 |   5.3 |      12 |       2 |  14.3
            +---------+---------+-------+---------+---------+-------
